 Dungeon Crawl Stone Soup version 0.16.0-18-g484a79e (webtiles) character file.

261508 ketsa the Executioner (level 20, -11/183 HPs)
             Began as a Hill Orc Abyssal Knight on Mar 21, 2015.
             Was the Champion of Lugonu.
             Killed from afar by a shock serpent (14 damage)
             ... with a bolt of electricity
             ... on level 5 of the Snake Pit on Mar 22, 2015.
             The game lasted 03:44:49 (52854 turns).

ketsa the Executioner (Hill Orc Abyssal Knight)    Turns: 52854, Time: 03:44:49

Health: -11/183    AC: 27    Str: 33    XL:     20   Next: 37%
Magic:  37/38      EV: 11    Int: 12    God:    Lugonu [******]
Gold:   2830       SH:  0    Dex: 13    Spells: 9 memorised, 15 levels left

rFire  + . .     SeeInvis .     u - +1 battleaxe (vamp)
rCold  x . .     Clarity  .     R - +1 plate armour {rF+}
rNeg   . . .     SustAb   .     (no shield)
rPois  +         Gourm    .     e - +2 helmet of the Lonely Souls {rC- Str+5 Dex+2}
rElec  .         Spirit   .     t - +0 cloak
rCorr  .         Warding  .     V - +0 pair of gloves
rMut   .         Stasis   .     y - +0 pair of boots
MR     +....                    v - amulet of regeneration
Stlth  ..........               M - ring "Agiwn" {Str+5 Slay+2}
                                S - ring of poison resistance

@: lethally poisoned (-11 -> -11), somewhat resistant to hostile enchantments,
extremely unstealthy
A: no striking features
a: Depart the Abyss, Bend Space, Banish, Corrupt, Enter the Abyss, Renounce
Religion
}: 1/15 runes: decaying


You were on level 5 of the Snake Pit.
You worshipped Lugonu.
Lugonu was exalted by your worship.
You were not hungry.

You visited 9 branches of the dungeon, and saw 41 of its levels.
You visited the Abyss 2 times.
You visited 1 bazaar.
You also visited: Ice Cave.

You collected 3860 gold pieces.
You spent 1030 gold pieces at shops.

Inventory:

Hand weapons
 n - the +5 whip of Huemu {venom, rC+}
   (You found it on level 10 of the Dungeon)

   It poisons the flesh of those it strikes.
   It protects you from cold.
 u - a +1 vampiric battleaxe (weapon)
 W - a +3 battleaxe of freezing
Armour
 e - the +2 helmet of the Lonely Souls (worn) {rC- Str+5 Dex+2}
   (You found it on level 5 of the Snake Pit)

   It affects your strength (+5).
   It affects your dexterity (+2).
   It makes you vulnerable to cold.
 t - a +0 cloak (worn)
 y - a +0 pair of boots (worn)
 R - a +1 plate armour of fire resistance (worn)
 V - a +0 pair of gloves (worn)
Rods
 F - a +7 rod of clouds (14/14)
   (You took it off an ogre mage on level 14 of the Dungeon)
Jewellery
 h - an uncursed ring of protection from cold
 i - an uncursed ring of protection from fire
 k - an uncursed amulet of rage
 v - an amulet of regeneration (around neck)
 G - an uncursed ring of see invisible
 J - an uncursed ring of invisibility
 K - a +4 ring of strength
 M - the ring "Agiwn" (right hand) {Str+5 Slay+2}
   (You found it on level 6 of the Dungeon)

   [ring of strength]

   It affects your strength (+5).
   It affects your accuracy and damage with ranged weapons and melee attacks
   (+2).
 S - a ring of poison resistance (left hand)
Magical devices
 b - a wand of teleportation (6)
 N - a wand of teleportation (3)
 Q - a wand of digging (10)
Scrolls
 f - 4 scrolls of fog
 q - 6 scrolls of enchant armour
 r - 7 scrolls of recharging
 D - 6 scrolls of enchant weapon
 E - 4 scrolls of identify
 H - a scroll of silence
 I - 8 scrolls of blinking
 L - 4 scrolls of fear
 O - 7 scrolls of teleportation
 U - 13 scrolls of remove curse
 X - a scroll of magic mapping
Potions
 a - 3 potions of cancellation
 d - 3 potions of might
 g - 17 potions of curing
 j - 2 potions of restore abilities
 p - 9 potions of heal wounds
 s - a potion of berserk rage
 w - 2 potions of cure mutation
 x - 4 potions of lignification
 A - 3 potions of haste
 B - 4 potions of agility
 C - 3 potions of flight
 P - 2 potions of invisibility
 T - 3 potions of magic
Miscellaneous
 m - a sack of spiders
 z - a stone of tremors
 Y - a phial of floods
 Z - a box of beasts
Comestibles
 c - 22 meat rations
 l - 3 chunks of flesh
 o - 7 fruits


   Skills:
 + Level 16.9 Fighting
 + Level 23.7 Axes
 - Level 1.0(14.1) Maces & Flails
 - Level 2.0 Throwing
 + Level 16.6 Armour
 - Level 4.7 Dodging
 - Level 5.2 Spellcasting
 - Level 6.7 Charms
 + Level 4.6 Necromancy
 - Level 4.0 Air Magic
 + Level 19.0 Invocations
 - Level 8.0 Evocations


You had 15 spell levels left.
You knew the following spells:

 Your Spells              Type           Power        Failure   Level  Hunger
a - Repel Missiles        Chrm/Air       ###...       17%         2    ##.....
b - Apportation           Tloc           #.........   87%         1    None
c - Animate Skeleton      Necr           N/A          17%         1    None
d - Corona                Hex            #......      87%         1    None
e - Summon Small Mammal   Summ           #...         87%         1    None
f - Shroud of Golubria    Chrm/Tloc      ##........   34%         2    ##.....
g - Swiftness             Chrm/Air       ###.....     17%         2    ##.....
h - Regeneration          Chrm/Necr      ###.......   24%         3    ###....
i - Summon Butterflies    Summ           #.......     87%         1    None


Dungeon Overview and Level Annotations

Branches:
Dungeon (15/15)            Temple (1/1) D:5            Lair (8/8) D:8
  Swamp (5/5) Lair:4        Snake (5/5) Lair:4        Slime (1/6) Lair:6
    Orc (4/4) D:11            Elf (1/3) Orc:3        Vaults (0/5) D:13
 Depths (1/5) D:15

Altars:
Ashenzari
Cheibriados
Dithmenos
Elyvilon
Fedhas
Gozag
Kikubaaqudgha
Makhleb
Nemelex Xobeh
Okawaru
Qazlal
Ru
Sif Muna
Trog
Vehumet
Xom
Yredelemnul
Zin
The Shining One
Jiyva

Shops:
D:8 }   D:10 (   D:11 (   Orc:2 (   Orc:4 :=*!*   Snake:1 (

Portals:
Hell: Lair:8

Annotations:
Orc:3 exclusion: 2 downstairs


Message History

You miss the shock serpent.
The shock serpent is almost dead.
You feel sick.
The shock serpent shoots out a bolt of lightning at you!
The bolt of electricity hits you! x2
The shock serpent shoots out a bolt of lightning at you!
The bolt of electricity hits you!
* * * LOW HITPOINT WARNING * * *
You see here a short sword.
You feel sick.
The shock serpent shoots out a bolt of lightning at you!
The bolt of electricity hits you!
* * * LOW HITPOINT WARNING * * *
The bolt of electricity hits you!
* * * LOW HITPOINT WARNING * * *
The shock serpent shoots out a bolt of lightning at you!
The bolt of electricity hits you!
* * * LOW HITPOINT WARNING * * *
The bolt of electricity hits you!
You die...

#.##..≈≈≈#[((##..≈≈≈≈§≈..##.(.
#.##)#####)..#..§§§≈≈≈≈≈. #.^.
#.#[.##...#'##.§§§§§≈≈§≈≈ ####
#.#.##....(##..§≈§≈≈≈§≈≈≈
#.#.#.....(.#.≈§§§≈≈≈§≈≈≈≈N#
#.#.#.....(=()§≈≈§≈≈§≈≈≈≈§.'$
#.#.#.....((#.§§§≈≈≈≈≈§§§≈§'S.
#.#.##.....##S≈§≈≈≈≈≈≈§§§≈.'S
#.#.###(..###@.§§≈≈≈≈≈≈§§S.#
#.#.# ##### ##§§§≈≈§≈§≈§§S#
#.#.# #§§§§§≈≈≈§§S.# #.#.#
##§§§§≈≈≈≈S.# #.#.#
##..†..S..## #(#.# ###†...###
#.)%# ###### #####


You could see a shock serpent.

Vanquished Creatures
  A shadow dragon (D:13)
  3 thorn hunters
  10 greater nagas
  Donald (Swamp:1)
  Wiglaf (Snake:5)
  Maud (Lair:4)
  A frost giant (IceCv)
  A dire elephant (Lair:8)
  2 ettins
  Snorg (Snake:5)
  2 vault guards (D:13)
  2 fire dragons (D:15)
  6 ogre magi
  Fannar (Lair:2)
  Harold (D:12)
  19 naga warriors
  Nessos (Snake:1)
  A ghost crab (Swamp:5)
  A hell beast (Lair:8)
  28 hydras
  Erica (D:14)
  A catoblepas (D:14)
  3 centaur warriors
  18 anacondas
  A deep troll earth mage (D:13)
  9 alligators
  5 tengu warriors
  An orc high priest (Orc:4)
  12 naga sharpshooters
  21 death yaks
  Urug (Swamp:1)
  9 shock serpents
  Nergalle (Lair:4)
  5 salamander mystics (Snake:5)
  A fire crab (Lair:8)
  2 deep trolls (Orc:4)
  3 wizards
  4 skeletal warriors (D:15)
  15 swamp dragons
  3 spriggan druids (Swamp:5)
  An ice statue (IceCv)
  2 unseen horrors
  11 naga ritualists
  2 griffons
  7 hill giants
  3 wolf spider zombies (D:14)
  A harpy (shapeshifter) (D:13)
  4 lindwurms (Snake:5)
  An ugly thing zombie (D:14)
  A phantasmal warrior (D:13)
  3 orc sorcerers (Orc:4)
  11 mana vipers
  2 necromancers (D:13)
  4 manticores
  12 salamanders
  A moth of wrath (shapeshifter) (D:14)
  22 slime creatures
  5 orc knights
  25 ugly things
  9 guardian serpents
  A centaur zombie (D:14)
  41 black mambas
  7 cyclopes
  3 gargoyles
  20 naga magi
  2 kobold demonologists
  A torpor snail (Lair:8)
  5 orange demons (Lair:8)
  8 komodo dragons
  25 spiny frogs
  A redback zombie (D:13)
  A tengu conjurer (D:13)
  4 fire drakes
  3 efreet
  12 trolls
  A hellwing (Lair:8)
  14 polar bears (IceCv)
  3 freezing wraiths
  10 giant leeches
  A wolf spider simulacrum (D:14)
  Prince Ribbit (Orc:1)
  20 blink frogs
  24 ravens
  4 blue devils (Lair:8)
  2 boulder beetles
  9 bog bodies
  A small abomination (Abyss:1)
  A trapdoor spider zombie (D:12)
  13 two-headed ogres
  2 basilisks
  3 spriggans (Swamp:1)
  14 vampire mosquitoes
  A tarantella (shapeshifter) (D:14)
  3 wyverns
  A steam dragon (D:14)
  20 humans (D:13)
  10 hippogriffs
  Eustachio (D:5)
  A trapdoor spider (D:13)
  74 yaks
  3 shadows
  4 deep elf magi
  A deep elf fighter (D:8)
  23 swamp worms
  A hungry ghost (D:10)
  A mottled dragon (D:14)
  27 wolves
  21 insubstantial wisps
  Edmund (Orc:1)
  Menkaure (D:7)
  A harpy simulacrum (D:14)
  A human zombie (D:13)
  44 nagas
  43 water moccasins
  16 porcupines
  A soldier ant (D:12)
  20 orc warriors
  A warg (Orc:4)
  9 ice beasts
  A hell hound (Lair:8)
  16 swamp drakes
  A black bear (D:9)
  5 sky beasts
  3 phantoms
  2 boring beetles (Lair:8)
  3 wasps (Swamp:1)
  17 centaurs
  29 ogres
  A boring beetle (shapeshifter) (D:13)
  A crocodile (shapeshifter) (D:14)
  Sigmund (D:3)
  Duvessa (D:6)
  23 crocodiles
  5 big kobolds
  26 giant frogs
  Blork the orc (D:5)
  2 brain worms
  3 wyvern skeletons
  2 scorpions
  29 killer bees
  6 electric eels (Lair:4)
  Dowan (D:6)
  10 crimson imps
  A goliath beetle (D:7)
  3 jellies
  16 orc priests
  A giant frog zombie (D:6)
  2 giant frog skeletons
  3 iron imps (D:14)
  A quasit (D:12)
  10 hounds
  10 centaur skeletons
  13 worker ants
  27 orc wizards
  8 hell rats (Lair:5)
  A spectral swamp drake (Swamp:5)
  12 iguanas
  13 sheep
  Ijyb (D:3)
  A hound zombie (D:11)
  A hound skeleton (D:7)
  2 mummies
  3 gnolls (D:8)
  29 adders
  94 river rats
  4 shadow imps
  12 white imps (Lair:3)
  2 worms
  An adder zombie (D:5)
  5 giant geckos
  152 orcs
  3 bat skeletons
  17 goblins
  25 hobgoblins
  17 jackals
  28 kobolds
  17 quokkas
  A ball python (D:4)
  19 bats
  5 giant cockroaches
  A giant cockroach zombie (D:5)
  6 giant newts
  5 orc skeletons (Orc:4)
  34 rats
  6 briar patches
  20 fungi
  15 plants
1750 creatures vanquished.

Vanquished Creatures (others)
  4 hydras
  An anaconda (Snake:2)
  A shock serpent (Snake:3)
  An ugly thing (D:15)
  A blink frog (Lair:1)
  A yak (IceCv)
  An adder (D:14)
  An orc (Orc:4)
  2 briar patches
  A bush (Lair:8)
  4 fungi
  3 plants (Lair:8)
21 creatures vanquished.

Grand Total: 1771 creatures vanquished

Notes
Turn   | Place    | Note
--------------------------------------------------------------
     0 | Abyss:1  | ketsa, the Hill Orc Abyssal Knight, began the quest for the Orb.
     0 | Abyss:1  | Reached XP level 1. HP: 19/19 MP: 1/1
    54 | D:1      | Escaped the Abyss
   394 | D:1      | Reached XP level 2. HP: 16/26 MP: 2/2
   541 | D:1      | Acquired Lugonu's second power
   729 | D:1      | Reached skill level 4 in Axes
   856 | D:1      | Reached XP level 3. HP: 31/31 MP: 5/5
  1596 | D:2      | Reached XP level 4. HP: 39/39 MP: 7/7
  2034 | D:3      | Acquired Lugonu's third power
  2195 | D:3      | Found a basalt altar of Yredelemnul.
  2350 | D:3      | Noticed Sigmund
  2365 | D:3      | Killed Sigmund
  2365 | D:3      | Reached skill level 5 in Axes
  2365 | D:3      | Reached XP level 5. HP: 33/45 MP: 9/9
  2525 | D:3      | Noticed Ijyb
  2550 | D:3      | Killed Ijyb
  2550 | D:3      | Reached skill level 6 in Axes
  2907 | D:4      | Noticed an ogre
  3015 | D:4      | Killed an ogre
  3015 | D:4      | Reached skill level 5 in Invocations
  3015 | D:4      | Reached XP level 6. HP: 15/51 MP: 11/11
  3284 | D:4      | Reached skill level 7 in Axes
  3425 | D:4      | Acquired Lugonu's fourth power
  3744 | D:4      | Noticed an ogre
  3757 | D:4      | Killed an ogre
  3757 | D:4      | Reached skill level 8 in Axes
  3757 | D:4      | Reached XP level 7. HP: 57/57 MP: 14/14
  3806 | D:4      | Found a bloodstained altar of Trog.
  3931 | D:5      | Entered Level 5 of the Dungeon
  4286 | D:5      | Noticed Blork the orc
  4347 | D:5      | Found a staircase to the Ecumenical Temple.
  4380 | Temple   | Entered the Ecumenical Temple
  4760 | D:5      | Killed Blork the orc
  4760 | D:5      | Reached skill level 9 in Axes
  4837 | D:5      | Found a stormy altar of Qazlal.
  4888 | D:5      | Noticed Eustachio
  5610 | D:6      | Acquired Lugonu's fifth power
  5610 | D:6      | Reached XP level 8. HP: 48/66 MP: 18/18
  5701 | D:6      | Got a coiled ivory ring
  5703 | D:6      | Identified the ring "Agiwn" {Str+5 Slay+2} (You found it on level 6 of the Dungeon)
  5710 | D:6      | Reached skill level 1 in Throwing
  5740 | D:6      | Noticed Duvessa
  5741 | D:6      | Noticed Dowan
  5750 | D:6      | Killed Duvessa
  5759 | D:6      | Killed Dowan
  6101 | D:6      | Found a glowing silver altar of Zin.
  6221 | D:6      | Reached skill level 10 in Axes
  6324 | D:6      | Found a snail-covered altar of Cheibriados.
  6484 | D:7      | Reached skill level 5 in Fighting
  6565 | D:7      | Got a crude scale mail
  6576 | D:7      | Identified the -2 scale mail of Compression {rC- MR+ rCorr} (You found it on level 7 of the Dungeon)
  6586 | D:7      | Noticed Menkaure
  6592 | D:7      | Killed Menkaure
  6592 | D:7      | Reached XP level 9. HP: 74/74 MP: 20/20
  6915 | D:7      | Found a white marble altar of Elyvilon.
  7397 | D:8      | Reached skill level 11 in Axes
  7845 | D:8      | Reached skill level 5 in Armour
  7990 | D:8      | Found a staircase to the Lair.
  8001 | Lair:1   | Entered Level 1 of the Lair of Beasts
  8286 | D:8      | Reached skill level 12 in Axes
  8436 | D:8      | Reached XP level 10. HP: 84/84 MP: 23/23
  8565 | D:8      | Found Iptosmuur's Gadget Boutique.
  9057 | Lair:1   | Noticed a spiny frog
  9058 | Lair:1   | Killed a spiny frog
  9058 | Lair:1   | Reached skill level 13 in Axes
  9120 | Lair:1   | Noticed a komodo dragon
  9130 | Lair:1   | Killed a komodo dragon
  9270 | Lair:1   | Reached skill level 10 in Invocations
  9636 | Lair:1   | Noticed a fire drake
  9646 | Lair:1   | Killed a fire drake
  9803 | Lair:1   | Reached XP level 11. HP: 81/95 MP: 23/25
  9815 | Lair:1   | Reached skill level 14 in Axes
 10130 | Lair:1   | Noticed a spiny frog
 10137 | Lair:1   | Killed a spiny frog
 10310 | Lair:1   | Learned a level 2 spell: Repel Missiles
 10920 | Lair:2   | Noticed Fannar
 11143 | D:9      | Reached skill level 1 in Charms
 11371 | D:9      | Reached skill level 1 in Air Magic
 11403 | D:9      | Noticed a three-headed hydra
 11409 | D:9      | Killed a three-headed hydra
 11409 | D:9      | Reached skill level 1 in Spellcasting
 11738 | D:10     | Entered Level 10 of the Dungeon
 11850 | D:10     | Found Micid's Weapon Emporium.
 12134 | D:10     | Got a steaming scale mail
 12145 | D:10     | Identified the +4 scale mail "Qeurof" {Dex+3} (You found it on level 10 of the Dungeon)
 12180 | D:10     | Learned a level 1 spell: Apportation
 12182 | D:10     | Learned a level 1 spell: Animate Skeleton
 12184 | D:10     | Learned a level 1 spell: Corona
 12186 | D:10     | Learned a level 1 spell: Summon Small Mammal
 12292 | D:10     | Reached skill level 15 in Axes
 12537 | D:10     | Got an ichor-stained whip
 12538 | D:10     | Identified the +5 whip of Huemu {venom, rC+} (You found it on level 10 of the Dungeon)
 12895 | D:11     | Reached XP level 12. HP: 94/106 MP: 27/27
 13296 | D:11     | Found a staircase to the Orcish Mines.
 13299 | D:11     | Found Ugeitauq's Weapon Emporium.
 13313 | Orc:1    | Entered Level 1 of the Orcish Mines
 13320 | Orc:1    | Noticed Prince Ribbit
 13334 | Orc:1    | Killed Prince Ribbit
 13611 | Orc:2    | Found Toadgh's Antique Weapon Boutique.
 13684 | Orc:3    | Reached skill level 10 in Fighting
 13714 | Orc:4    | Entered Level 4 of the Orcish Mines
 14232 | Orc:3    | Found a staircase to the Elven Halls.
 14246 | Elf:1    | Entered Level 1 of the Elven Halls
 14246 | Elf:1    | Noticed a deep elf annihilator
 14255 | Orc:4    | Found Psisuk's General Store.
 14255 | Orc:4    | Found Daff's Assorted Antiques.
 14255 | Orc:4    | Noticed an ettin
 14255 | Orc:4    | Noticed an ogre mage
 14255 | Orc:4    | Noticed an ogre mage
 14357 | Orc:1    | Noticed Edmund
 14379 | D:11     | Noticed an orc knight
 14384 | D:11     | Killed an orc knight
 14604 | D:12     | Reached skill level 16 in Axes
 14925 | D:12     | Noticed a six-headed hydra
 14943 | D:12     | Killed a six-headed hydra
 15460 | D:12     | Noticed Harold
 15974 | Lair:2   | Killed Fannar
 16055 | Lair:2   | Found an iron altar of Okawaru.
 16467 | Lair:3   | Found a frozen archway.
 16597 | IceCv    | Entered an ice cave
 16705 | IceCv    | Reached skill level 10 in Armour
 16744 | IceCv    | Reached XP level 13. HP: 107/115 MP: 29/29
 16779 | IceCv    | Reached skill level 17 in Axes
 17033 | IceCv    | Reached skill level 1 in Evocations
 17210 | IceCv    | Noticed a death yak
 17211 | IceCv    | Noticed a death yak
 17229 | IceCv    | Killed a death yak
 17233 | IceCv    | Killed a death yak
 17581 | IceCv    | Noticed a death yak
 17581 | IceCv    | Noticed a frost giant
 17592 | IceCv    | Killed a frost giant
 17592 | IceCv    | Reached skill level 5 in Evocations
 17605 | IceCv    | Killed a death yak
 18729 | Lair:4   | Noticed Nergalle
 18843 | Lair:2   | Noticed a four-headed hydra
 18985 | Lair:2   | Killed a four-headed hydra
 19252 | Lair:2   | Reached skill level 18 in Axes
 19257 | Lair:2   | Reached XP level 14. HP: 59/124 MP: 30/30
 19522 | Lair:4   | Noticed Maud
 19656 | Lair:4   | Killed Nergalle
 19774 | Lair:4   | Found a basalt altar of Yredelemnul.
 19793 | Lair:4   | Found a staircase to the Snake Pit.
 19811 | Snake:1  | Entered Level 1 of the Snake Pit
 19866 | Lair:4   | Found a staircase to the Swamp.
 21777 | Lair:6   | Reached skill level 1 in Dodging
 21924 | Lair:6   | Found a staircase to the Slime Pits.
 21924 | Lair:6   | Found a viscous altar of Jiyva.
 21938 | Slime:1  | Entered Level 1 of the Pits of Slime
 22670 | Lair:7   | Reached skill level 19 in Axes
 23911 | Orc:1    | Killed Edmund
 24108 | Orc:4    | Reached XP level 15. HP: 132/132 MP: 31/31
 24546 | Orc:4    | Paralysed by an ogre mage for 5 turns
 24554 | Orc:3    | Killed an ogre mage
 24751 | Orc:4    | Found Praawuin's Distillery.
 24770 | Orc:4    | Found Wucvim's Jewellery Shop.
 24860 | Orc:4    | Killed an ogre mage
 24900 | Orc:4    | Bought a scroll labeled UKHOXA GHARCHYMPU for 30 gold pieces
 24935 | Orc:4    | Bought 2 potions of heal wounds for 150 gold pieces
 24935 | Orc:4    | Bought a potion of heal wounds for 75 gold pieces
 24935 | Orc:4    | Bought a potion of curing for 45 gold pieces
 24960 | Orc:4    | Killed an ettin
 25036 | Orc:4    | Noticed an orc high priest
 25037 | Orc:4    | Noticed an ogre mage
 25059 | Orc:4    | Killed an orc high priest
 25171 | Orc:4    | Bought an uncursed ring of see invisible for 210 gold pieces
 25321 | Orc:4    | Killed an ogre mage
 25411 | Orc:4    | Found Jucluj's Book Shop.
 25678 | D:12     | Killed Harold
 25921 | D:12     | Reached skill level 20 in Axes
 26668 | D:13     | Found a gate to the Vaults.
 27512 | D:13     | Noticed a shadow dragon
 27523 | D:13     | Killed a shadow dragon
 27966 | D:13     | Reached XP level 16. HP: 143/143 MP: 32/32
 28255 | D:13     | Reached skill level 15 in Invocations
 29151 | D:14     | Noticed Erica
 29173 | D:14     | Killed Erica
 29173 | D:14     | Reached skill level 21 in Axes
 29225 | D:14     | Found a shattered altar of Ashenzari.
 29471 | D:14     | Learned a level 2 spell: Shroud of Golubria
 29524 | D:14     | Gained mutation: You possess an exceptional clarity of mind. [potion of beneficial mutation]
 29610 | D:14     | Reached skill level 1 in Necromancy
 30665 | D:14     | Learned a level 2 spell: Swiftness
 31176 | D:15     | Entered Level 15 of the Dungeon
 31832 | D:15     | Found a staircase to the Depths.
 31863 | Depths:1 | Entered Level 1 of the Depths
 31907 | D:15     | Found an opulent altar of Gozag.
 32540 | D:15     | Reached XP level 17. HP: 124/152 MP: 34/34
 33524 | Lair:4   | Killed Maud
 33651 | Swamp:1  | Entered Level 1 of the Swamp
 33748 | Swamp:1  | Noticed Donald
 33761 | Swamp:1  | Killed Donald
 33918 | Swamp:1  | Noticed Urug
 33935 | Swamp:1  | Killed Urug
 34554 | Swamp:2  | Learned a level 3 spell: Regeneration
 35804 | Swamp:1  | Found an opulent altar of Gozag.
 36687 | Swamp:3  | Reached skill level 22 in Axes
 37427 | Swamp:5  | Entered Level 5 of the Swamp
 38361 | Swamp:5  | Reached skill level 5 in Charms
 38718 | Swamp:5  | Reached XP level 18. HP: 143/162 MP: 35/35
 39474 | Swamp:5  | Reached skill level 1 in Maces & Flails
 39891 | Swamp:5  | Reached skill level 15 in Fighting
 40265 | Swamp:5  | Got a decaying rune of Zot
 40606 | Swamp:4  | Got an ichor-stained leather armour
 40617 | Swamp:4  | Identified the +6 leather armour "Hyzauh" {rElec rF- Str+3 Int+7} (You found it on level 4 of the Swamp)
 40712 | Swamp:2  | Learned a level 1 spell: Summon Butterflies
 41745 | Lair:8   | Entered Level 8 of the Lair of Beasts
 42174 | Lair:8   | Reached skill level 15 in Armour
 43894 | Lair:8   | Lost mutation: You possess an exceptional clarity of mind. [potion of cure mutation]
 44154 | Lair:8   | Found a burning altar of Makhleb.
 44299 | Lair:8   | Found a gateway to Hell.
 44364 | Lair:8   | Identified a +3 rod of clouds (10/10) (You found it on level 8 of the Lair of Beasts)
 44365 | Lair:8   | Identified a +7 rod of clouds (14/14) (You took it off an ogre mage on level 14 of the Dungeon)
 45002 | D:5      | Killed Eustachio
 45265 | Orc:4    | Bought an uncursed ring of poison resistance for 280 gold pieces
 45515 | Snake:1  | Upgraded the game from 0.16.0-17-g811c1d7 to 0.16.0-18-g484a79e
 45748 | Snake:1  | Reached skill level 5 in Spellcasting
 45904 | Snake:1  | Noticed Nessos
 45920 | Snake:1  | Killed Nessos
 45970 | Snake:1  | Found a shimmering altar of Xom.
 46170 | Snake:1  | Found Edabuin's Weapon Boutique.
 46606 | Snake:2  | Found a flickering gateway to a bazaar.
 46621 | Bazaar   | Entered a bazaar
 46727 | Bazaar   | Found Phoihoal's Antique Weapon Boutique.
 46780 | Bazaar   | Found Awnud's Book Shop.
 46794 | Bazaar   | Found Gruon's Weapon Shop.
 46794 | Bazaar   | Found Chyxeff's Distillery.
 46821 | Bazaar   | Bought a potion of curing for 24 gold pieces
 46821 | Bazaar   | Bought a potion of curing for 24 gold pieces
 46821 | Bazaar   | Bought a potion of agility for 32 gold pieces
 46821 | Bazaar   | Bought a potion of haste for 80 gold pieces
 46821 | Bazaar   | Bought a potion of haste for 80 gold pieces
 46983 | Snake:2  | Reached XP level 19. HP: 147/172 MP: 36/36
 46997 | Snake:2  | Identified a +1 rod of clouds (10/10) (You found it on level 2 of the Snake Pit)
 48550 | Snake:3  | Reached skill level 23 in Axes
 48983 | Snake:3  | HP: 7/172 [shock serpent (10)]
 50135 | Snake:5  | Entered Level 5 of the Snake Pit
 50239 | Snake:5  | Noticed Snorg
 50250 | Snake:5  | Killed Snorg
 50289 | Snake:5  | Noticed Wiglaf
 50305 | Snake:5  | Killed Wiglaf
 50514 | Snake:5  | Got an ancient helmet
 50520 | Snake:5  | Identified the +2 helmet of the Lonely Souls {rC- Str+5 Dex+2} (You found it on level 5 of the Snake Pit)
 51757 | Snake:5  | Reached XP level 20. HP: 151/182 MP: 37/37
 52663 | Snake:5  | Cast into the Abyss (salamander mystic)
 52701 | Snake:5  | Escaped the Abyss
 52854 | Snake:5  | HP: 3/183 [shock serpent/bolt of electricity (11)]
 52854 | Snake:5  | Killed from afar by a shock serpent

Action                   |  1- 3 |  4- 6 |  7- 9 | 10-12 | 13-15 | 16-18 | 19-21 || total
-------------------------+-------+-------+-------+-------+-------+-------+-------++-------
Melee: Hand axe          |    88 |   155 |   104 |       |       |       |       ||   347
       Battleaxe         |       |       |   222 |   669 |   912 |  1113 |   818 ||  3734
       Whip              |       |       |       |    20 |    25 |   231 |       ||   276
 Fire: Blowgun           |       |     6 |    12 |       |       |       |       ||    18
Throw: Stone             |     7 |    16 |    15 |    18 |     6 |       |       ||    62
 Cast: Repel Missiles    |       |       |       |       |       |     3 |     5 ||     8
Invok: Banish            |       |       |       |     1 |     1 |     9 |     3 ||    14
Evoke: Wand              |       |       |       |       |     4 |       |       ||     4
  Use: Potion            |       |     1 |     1 |     2 |     3 |     8 |     7 ||    22
       Scroll            |       |     9 |     1 |    16 |     8 |    18 |     2 ||    54
 Stab: Fleeing           |       |       |       |       |     1 |       |       ||     1
  Eat: Chunk             |     2 |     5 |    12 |    25 |    21 |    32 |    14 ||   111
       Pizza             |       |     1 |     1 |     1 |       |     6 |       ||     9
       Beef jerky        |       |       |     1 |       |     1 |     1 |       ||     3
       Fruit             |       |       |       |     3 |     6 |     9 |    10 ||    28
       Bread ration      |       |       |       |       |     2 |     2 |     2 ||     6
       Royal jelly       |       |       |       |       |     1 |       |     1 ||     2
       Meat ration       |       |       |       |       |       |     3 |       ||     3
